AoeStats
← Hypoli

Nomad

510270091Analyzed
4v4 RM · 1d ago on Sep 30, 2026· 31m 31s· 8 players
Game mode
Random Map
Map size
231×231
Population
200
Speed
Normal
Resources
Standard
Victory
Conquest
Starting age
Dark Age
Ending age
Imperial Age
RankedLock teamsTeams togetherTeam positionsShared explorationLock speedFull tech treeHidden civsTurbo modeCheats
Victory
Defeat
🇮🇳 Magyars · India
1195
+15
🇫🇷 Japanese · France
1188
+15
🇲🇽 Magyars · Mexico
1169
+16
🇫🇷 Japanese · France
1134
+17
🇭🇰 Varangians · Hong Kong SAR China
1211
-18
🇨🇳 Persians · China
1186
-17
1129
-14
🇹🇼 Portuguese · Taiwan
1122
-14
Hypoli
5:12 Loom
12:35 Feudal Age
23:00 Castle Age
23:10 Crossbowman
26:10 Double-Bit Axe
34:28 Imperial Age
Jesusssx
9:03 Loom
24:55 Feudal Age
25:26 Fishing Lines
25:32 Horse Collar
25:41 Double-Bit Axe
29:09 Wheelbarrow
32:40 Castle Age
31:01 Bloodlines
30:59 Scale Barding Armor
31:46 Gold Mining
charles.fleury03
4:58 Loom
15:50 Feudal Age
16:17 Fishing Lines
16:48 Double-Bit Axe
17:03 Gold Mining
16:41 Man-at-Arms
18:56 Scale Mail Armor
21:05 Castle Age
20:11 Forging
21:57 Medium Warships
23:02 Gillnets
24:25 Wheelbarrow
24:36 Gold Shaft Mining
24:54 Bow Saw
26:09 Chain Mail Armor
26:31 Iron Casting
25:18 Man-at-Arms
25:49 Arson
28:15 Stone Mining
28:19 Town Watch
28:51 Hand Cart
28:36 Long Swordsman
29:22 Squires
29:08 Gambesons
Butcher
4:57 Loom
12:58 Feudal Age
14:28 Double-Bit Axe
18:58 Castle Age
30:09 Fletching
30:20 Horse Collar
32:01 Bow Saw
耿直的萌新
8:31 Loom
Dr.Lang
5:59 Loom
16:13 Feudal Age
17:02 Town Watch
噜噜啊噜噜噜噜噜
7:38 Loom
19:25 Feudal Age
23:57 Castle Age
25:08 Wheelbarrow
27:32 Hand Cart
tyshuff
15:31 Feudal Age
19:40 Castle Age
17:59 Fletching
18:39 Stone Mining
20:03 Loom
21:41 Bodkin Arrow
Connection lost

Rejoining the realm…

Still unreachable

The connection could not be restored.

Session expired

The server has moved on; the page needs a fresh start.